Map: Alcyone LE

Players

A.I. 1 (Very Easy) - Winner!

  • Race: Terran Terran
  • Spawn Location: 7:00

marineabuser

  • Race: Terran Terran
  • Spawn Location: 1:00

VOD

Have the link to the VOD?

Description

Time

  • Played on: April 29, 2024, 2:47 p.m.
  • Length: 6:09
Show
View Real Time Build Order
Export as new Build Order

A.I. 1 (Very Easy) Terran - Winner!

Build Orders:  

Get SALT Encoding   

  12  0:00  SCV  
  13  0:13  SCV  
  14  0:18  Supply Depot  
  14  0:36  Refinery  
  14  0:42  Barracks  
  14  1:03  Supply Depot  
  14  1:12  Refinery  
  14  1:29  Barracks Tech Lab  
  14  1:30  Orbital Command  
  14  1:47  Marine  
  15  1:57  SCV  
  16  2:09  SCV  
  17  2:21  SCV  
  18  2:33  Marine, SCV  
  20  2:45  SCV  
  21  2:57  SCV  
  22  3:20  Marauder  
Show
View Real Time Build Order
Export as new Build Order

marineabuser Terran 

Build Orders: Cyclone Opening 

Get SALT Encoding   

  12  0:00  SCV  
  13  0:12  SCV  
  14  0:17  Supply Depot  
  14  0:24  SCV  
  15  0:39  SCV  
  15  0:40  Barracks  
  16  0:44  Refinery  
  16  0:51  SCV  
  16  0:53  Refinery  
  17  1:03  SCV  
  18  1:15  SCV  
  19  1:27  Reaper  
  19  1:28  Orbital Command  
  19  1:29  Supply Depot  
  20  1:41  Factory  
  20  1:54  SCV  
  20  2:00  Reaper  
  22  2:06  SCV  
  23  2:17  Command Center  
  23  2:19  SCV  
  24  2:27  Cyclone  
  26  2:32  Barracks Reactor  
  26  2:35  Supply Depot  
  26  2:39  SCV  
  27  2:47  Starport  
  27  2:51  SCV  
  28  3:04  Factory Tech Lab  
  28  3:08  Marine x2  
  28  3:09  SCV  
  28  3:11  Refinery  
  31  3:21  SCV  
  31  3:22  Siege Tank  
  35  3:28  Orbital Command  
  35  3:35  Marine, SCV  
  35  3:36  Marine  
  35  3:37  Starport Tech Lab  
  38  3:48  SCV  
  39  3:54  Marine x2  
  41  3:58  Raven, Supply Depot  
  41  4:00  SCV  
  44  4:05  Siege Tank  
  44  4:06  SCV  
  48  4:13  Interference Matrix  
  48  4:15  SCV  
  49  4:20  SCV  
  50  4:29  Command Center  
  50  4:31  SCV  
  51  4:34  Raven  
  53  4:42  Supply Depot  
  53  4:47  Factory Reactor  
  53  4:50  Barracks x2  
  53  4:53  SCV  
  53  4:58  Marine  
  55  5:01  SCV  
  56  5:09  Raven  
  56  5:10  SCV  
  59  5:16  SCV  
  59  5:20  Refinery, Marine  
  61  5:22  SCV  
  61  5:25  Engineering Bay  
  61  5:27  Engineering Bay  
  62  5:29  SCV  
  63  5:36  Supply Depot  
  63  5:38  Marine  
  64  5:43  Orbital Command  
  64  5:47  Marine x2  
  64  5:49  Starport Reactor, SCV  
  67  5:51  SCV  
  71  6:04  Barracks  
  71  6:07  Barracks  
Tags
 
Matchup
TvT
Race
Terran
Spawn Locations
Cross Positions
Add a new tag
Caveats
  • Supply blocks, unpowered buildings, or Contaminate may cause inaccurate times.
  • Supply counts are checked every 10 seconds.